 Dungeon Sprint DCSS version 0.22.1-2-g9c5b331383 (webtiles) character file.

1932 Groucho the Imperceptible (level 8, -17/61 HPs)
             Began as a Felid Berserker on Dec 20, 2018.
             Was the Champion of Trog.
             Killed from afar by a crystal guardian (55 damage)
             ... with a crystal bolt
             ... in the Dungeon (Sprint II: "The Violet Keep of Menkaure") on Dec 28, 2018.
             The game lasted 00:06:13 (1348 turns).

Groucho the Imperceptible (Felid Berserker)         Turns: 1348, Time: 00:06:14

Health: -17/61     AC:  2    Str: 18    XL:     8   Next: 97%
Magic:  9/9        EV: 26    Int:  8    God:    Trog [******]
Gold:   1021       SH:  0    Dex: 17    Spells: 7/7 levels left
                                        Lives:  0   Deaths: 2

rFire    . . .     SeeInvis +     - Unarmed
rCold    . . .     Gourm    .   (shield unavailable)
rNeg     . . .     Faith    .   (armour unavailable)
rPois    .         Spirit   .   (helmet unavailable)
rElec    .         Reflect  .   (cloak unavailable)
rCorr    .         Harm     .   (gloves unavailable)
MR       +++..     NoTele   +   (boots unavailable)
Stlth    ..........             (no amulet)
HPRegen  1.00/turn              g - ring of flight
MPRegen  0.11/turn              (no ring)

@: berserking, regenerating, very quick
A: very small, no armour, no weapons or thrown items, stealth, claws 1, fangs 3,
see invisible, carnivore, clumsy 1, speed 1, shaggy fur 2, inhibited
regeneration, slow metabolism 1, sharp paws
a: Berserk, Trog's Hand, Brothers in Arms, Renounce Religion, Evoke Flight


You were in the Dungeon.
You worshipped Trog.
Trog was exalted by your worship.
You were not hungry.

You visited 1 branch You collected 1309 gold pieces.
You spent 288 gold pieces at shops.

Inventory:

Jewellery
 g - a ring of flight (left paw)
Scrolls
 i - a scroll of amnesia {unknown}
Potions
 b - a potion of curing
 c - a potion of heal wounds
 d - a potion of haste
 e - 2 potions of magic
 f - a potion of berserk rage
Comestibles
 a - a ration


   Skills:
 + Level 8.4 Fighting
 + Level 10.7 Dodging
 + Level 24.6 Stealth
 + Level 8.9 Unarmed Combat


You had 7 spell levels left.
You didn't know any spells.
Your spell library was empty.

Dungeon Overview and Level Annotations

Branches:
Dungeon (1/1)

Altars:
Cheibriados
Dithmenos
Elyvilon
Fedhas
Gozag
Hepliaklqana
Kikubaaqudgha
Makhleb
Nemelex Xobeh
Okawaru
Qazlal
Ru
Sif Muna
Trog
Uskayaw
Vehumet
Wu Jian
Xom
Yredelemnul
Zin
The Shining One
Beogh
Jiyva
Lugonu

Shops:
D [=:![[(:}*}!?%!=

Annotations:
D exclusion: oklob plant, Kirke


Innate Abilities, Weirdness & Mutations

You cannot wear armour.
You are incapable of wielding weapons or throwing items.
Your paws allow you to move quietly. (Stealth)
You have sharp claws.
You have razor-sharp teeth.
You have supernaturally acute eyesight. (SInv)
You are carnivorous and can eat meat at any time.
You cover ground quickly.
You are covered in thick fur. (AC +2)
You have a slow metabolism.
Your sharp claws are effective at attacking unaware monsters.
You are clumsy. (Dex -2)
You do not regenerate when monsters are visible.


Message History

The crystal guardian fires a crystalline bolt at you.
The crystal bolt misses you.
Okay, then.
A red film seems to cover your vision as you go berserk!
You feel yourself moving faster!
You feel mighty!
You feel a lot more hungry.
You scratch the crystal guardian.
You bite the crystal guardian, but do no damage.
The crystal guardian is lightly damaged.
The crystal guardian misses you.
You scratch the crystal guardian but do no damage.
The crystal guardian is lightly damaged.
The crystal guardian hits you!!
You scratch the crystal guardian but do no damage.
The crystal guardian is lightly damaged.
You claw the crystal guardian!
The crystal guardian is lightly damaged.
The crystal guardian fires a crystalline bolt at you.
The crystal bolt misses you. The crystal bolt freezes you!
Ouch! That really hurt!
You die...

##≈§§§§§§§≈##§...### ≈## ≈§≈§≈
e≈.....##
≈≈#+++#+++#####....#k##
≈≈.........#..†....#8k#
≈≈≈.##+##..#..####.#.÷#
≈≈≈##...##.####..'.##÷#
≈≈≈#..#).#....#..#...####
≈####...####..#####..##.#
##.###'###.##..#@8'..#..# [
##..##.##...#..#..#..#..# %?
'.##'.<.'###'..####..##(# !)[
##..##.##...#....###...##▓▓▓▓
##.###'###.##......≈≈≈≈≈≈≈≈≈≈≈
≈####.#.####§≈§.§§.≈#'########
≈≈≈#..#..#≈≈§≈≈≈§..≈#._._._..#
'#≈##...##≈≈§§≈≈≈§§≈#.._._._.#
.#≈≈##+##≈≈§§≈≈≈§≈≈≈#._._._._#


You could see a crystal guardian.

Vanquished Creatures
  A death yak (D)
  A merfolk siren (D)
  3 shining eyes (D)
  A yaktaur (D)
  2 tyrant leeches (D)
  3 polar bears (D)
  A hornet (D)
  3 soldier ants (D)
  2 swamp drakes (D)
  4 necrophages (D)
  A crocodile (D)
  A scorpion (D)
  4 worker ants (D)
27 creatures vanquished.

Vanquished Creatures (others)
  Menkaure (D)
  A crocodile (D)
2 creatures vanquished.

Grand Total: 29 creatures vanquished

Notes
Turn   | Place    | Note
-------+----------+-------------------------------------------
     0 | D        | Groucho the Felid Berserker began the quest for the Orb.
     0 | D        | Reached XP level 1. HP: 10/10 MP: 2/2
     3 | D        | Noticed a necrophage
     3 | D        | Noticed a necrophage
     3 | D        | Noticed a necrophage
     3 | D        | Noticed a necrophage
     8 | D        | Killed a necrophage
     8 | D        | Reached skill level 5 in Fighting
     8 | D        | Reached skill level 5 in Unarmed Combat
     8 | D        | Reached XP level 2. HP: 16/16 MP: 3/3
     8 | D        | Reached XP level 3. HP: 20/20 MP: 4/4
     8 | D        | Reached XP level 4. HP: 24/24 MP: 5/5
    11 | D        | Killed a necrophage
    11 | D        | Reached XP level 5. HP: 28/28 MP: 6/6
    14 | D        | Killed a necrophage
    14 | D        | Reached ** piety under Trog
    16 | D        | Killed a necrophage
    16 | D        | Reached skill level 10 in Dodging
    16 | D        | Gained mutation: You are covered in thick fur. (AC +2)
                  | [Felid growth]
    16 | D        | Reached XP level 6. HP: 30/33 MP: 7/7
    23 | D        | Killed Menkaure
   243 | D        | Reached skill level 3 in Stealth
   245 | D        | Reached *** piety under Trog
   245 | D        | Reached skill level 5 in Stealth
   247 | D        | Reached skill level 6 in Stealth
   271 | D        | Reached skill level 7 in Stealth
   281 | D        | Noticed a merfolk siren
   284 | D        | Killed a merfolk siren
   284 | D        | Reached **** piety under Trog
   284 | D        | Reached skill level 13 in Stealth
   284 | D        | Reached XP level 7. HP: 37/37 MP: 8/8
   304 | D        | Noticed a tyrant leech
   304 | D        | Noticed a tyrant leech
   314 | D        | Killed a tyrant leech
   314 | D        | Reached skill level 15 in Stealth
   314 | D        | Reached XP level 8. HP: 40/40 MP: 9/9
   317 | D        | Killed a tyrant leech
   317 | D        | Reached skill level 16 in Stealth
   486 | D        | Found Decim's Food Shoppe.
   486 | D        | Found Luaguykue's Distillery.
   486 | D        | Found Boithoi's Distillery.
   486 | D        | Found Ojarphoty's Magic Scroll Emporium.
   486 | D        | Found Heoss's General Store.
   486 | D        | Found Alumemiz's Gadget Shoppe.
   487 | D        | Found Xitug's Gadget Shoppe.
   487 | D        | Found Kysapsou's Book Emporium.
   488 | D        | Found Bofad's Antique Weapon Shoppe.
   488 | D        | Found Oddel's Jewellery Emporium.
   488 | D        | Found Kaevaw's Antique Armour Emporium.
   495 | D        | Found Kex Kog's Armour Shoppe.
   495 | D        | Found Quhaky's Distillery.
   495 | D        | Noticed an oklob plant
   496 | D        | Found Pyneh's Jewellery Shoppe.
   496 | D        | Found Wemus's Antique Armour Emporium.
   496 | D        | Found Cerigudda's Book Shoppe.
   496 | D        | Noticed a hippogriff
   496 | D        | Noticed a hippogriff
   509 | D        | Bought a potion of invisibility for 96 gold pieces
   509 | D        | Noticed a hippogriff
   738 | D        | Found a glowing silver altar of Zin.
   739 | D        | Found a glowing golden altar of the Shining One.
   739 | D        | Found a basalt altar of Yredelemnul.
   739 | D        | Found a hide-covered altar of Uskayaw.
   740 | D        | Found a shimmering altar of Xom.
   740 | D        | Found a bloodstained altar of Trog.
   741 | D        | Found an ornate altar of the Wu Jian Council.
   741 | D        | Found a deep blue altar of Sif Muna.
   741 | D        | Found a corrupted altar of Lugonu.
   741 | D        | Found a radiant altar of Vehumet.
   741 | D        | Found a burning altar of Makhleb.
   742 | D        | Found a sacrificial altar of Ru.
   742 | D        | Found an ancient bone altar of Kikubaaqudgha.
   742 | D        | Found a white marble altar of Elyvilon.
   743 | D        | Noticed a yaktaur
   743 | D        | Noticed a polar bear
   743 | D        | Noticed a hornet
   743 | D        | Noticed a polar bear
   743 | D        | Noticed a polar bear
   752 | D        | Killed a polar bear
   752 | D        | Reached skill level 18 in Stealth
   753 | D        | Found a stormy altar of Qazlal.
   753 | D        | Found a hazy altar of Hepliaklqana.
   753 | D        | Found a viscous altar of Jiyva.
   753 | D        | Found a roughly hewn altar of Beogh.
   753 | D        | Found a snail-covered altar of Cheibriados.
   753 | D        | Found a shadowy altar of Dithmenos.
   758 | D        | Killed a hornet
   758 | D        | Reached ***** piety under Trog
   760 | D        | Mangled by a polar bear
   761 | D        | Reached XP level 7. HP: -6/55 MP: 8/8
   767 | D        | Killed a polar bear
   767 | D        | Reached skill level 19 in Stealth
   767 | D        | Reached XP level 8. HP: 40/40 MP: 9/9
   771 | D        | Killed a polar bear
   771 | D        | Reached skill level 20 in Stealth
   778 | D        | Killed a yaktaur
   809 | D        | Found a sparkling altar of Nemelex Xobeh.
   809 | D        | Found a blossoming altar of Fedhas.
   810 | D        | Found an iron altar of Okawaru.
   810 | D        | Found an opulent altar of Gozag.
   818 | D        | Reached skill level 21 in Stealth
   831 | D        | Noticed a shining eye
   831 | D        | Noticed a shining eye
   831 | D        | Noticed a shining eye
   833 | D        | Killed a shining eye
   833 | D        | Reached skill level 22 in Stealth
   833 | D        | Reached XP level 9. HP: 44/44 MP: 10/10
   834 | D        | Killed a shining eye
   834 | D        | Reached skill level 23 in Stealth
   834 | D        | Gained mutation: You are clumsy. (Dex -2) [a shining eye]
   844 | D        | Gained mutation: You do not regenerate when monsters are
                  | visible. [a shining eye]
   847 | D        | Killed a shining eye
   847 | D        | Reached ****** piety under Trog
   856 | D        | Noticed a deep elf master archer
   859 | D        | Noticed a death yak
   869 | D        | Killed a death yak
   869 | D        | Reached skill level 24 in Stealth
  1027 | D        | Noticed a death drake
  1028 | D        | Noticed a death drake
  1028 | D        | Noticed a crystal guardian
  1030 | D        | Killed from afar by a crystal guardian
  1031 | D        | Reached XP level 8. HP: -21/41 MP: 9/9
  1042 | D        | Noticed an orange crystal statue
  1045 | D        | Noticed Kirke
  1045 | D        | Noticed a skeletal warrior
  1045 | D        | Noticed a yaktaur captain
  1046 | D        | Noticed a centaur warrior
  1060 | D        | Bought an uncursed ring of flight for 192 gold pieces
  1348 | D        | Killed from afar by a crystal guardian

Skill      XL: |  1  2  3  4  5  6  7  8  9 |
---------------+----------------------------+-----
Fighting       | 5 6 8 |  8.4
Dodging        | 7 8 10 | 10.7
Unarmed Combat | 5 7 8 |  8.9
Stealth        | 13 19 22 24 | 24.6

Action                   |  1- 3 |  4- 6 |  7- 9 || total
-------------------------+-------+-------+-------++-------
Melee: Unarmed           |     4 |    17 |    70 ||    91
       Bite              |     2 |     1 |    14 ||    17
       Punch             |       |       |     2 ||     2
Invok: Berserk           |     1 |     1 |     6 ||     8
       Trog's Hand       |       |       |     2 ||     2
  Use: Scroll            |       |       |     1 ||     1
       Potion            |       |       |     2 ||     2
 Stab: Sleeping          |       |     2 |     8 ||    10
       Distracted        |       |       |     1 ||     1
  Eat: Chunk             |       |       |    14 ||    14
Armor: Skin              |       |     1 |       ||     1
Dodge: Dodged            |     1 |     7 |    57 ||    65
